 Dungeon Crawl Stone Soup version 0.28.0-1-gb440e238dd (webtiles) character file.

Game seed: 6388815504299627710

107 issech the Cudgeller (level 4, -4/44 HPs)
             Began as a Troll Monk on Feb 24, 2022.
             Killed by nerve-wracking pain
             ... invoked by Grinder
              (14 damage)
             ... while paralysed by Grinder
             ... on level 3 of the Dungeon.
             The game lasted 00:06:23 (2210 turns).

issech the Cudgeller (Troll Monk)                   Turns: 2210, Time: 00:06:24

Health: -4/44      AC:  4    Str: 25    XL:     4   Next: 56%
Magic:  3/3        EV:  1    Int:  6    God:
Gold:   107        SH:  0    Dex: 14    Spells: 3/3 levels left

rFire   . . .      SeeInvis .   a - +0 mace
rCold   . . .      Faith    .   (no shield)
rNeg    . . .      Spirit   .   b - +0 robe
rPois   .          Reflect  .   (helmet restricted)
rElec   .          Harm     .   (no cloak)
rCorr   .          Rampage  .   (gloves unavailable)
Will    .....                   (boots unavailable)
Stlth   ++........              (no amulet)
HPRegen 0.94/turn               c - +6 ring of strength
MPRegen 0.08/turn               (no ring)

@: paralysed
A: large, unfitting armour, claws 3, regeneration 1, shaggy fur 1, tough skin 1
a: no special abilities


You were on level 3 of the Dungeon.
You visited 1 branch of the dungeon, and saw 3 of its levels.

You collected 107 gold pieces.

Inventory:

Hand Weapons
 a - a +0 mace (weapon)
 e - a +0 hunting sling
 h - a +3 whip
Missiles
 d - 17 sling bullets
 g - 125 stones (quivered)
 k - 18 bolts
 o - 9 arrows
 p - 3 boomerangs
Armour
 b - a +0 robe (worn)
Jewellery
 c - a +6 ring of strength (left claw)
Wands
 j - a wand of acid (8)
Scrolls
 l - a scroll of identify {unknown}
 n - a scroll of immolation {unknown}
Potions
 f - a potion of curing {unknown}
 i - a potion of flight {unknown}
 m - a potion of degeneration {unknown}
 q - a potion of heal wounds {unknown}


   Skills:
 + Level 2.8 Fighting
 + Level 4.1 Maces & Flails
 + Level 2.8 Dodging
 + Level 1.2 Stealth


You had 3 spell levels left.
You didn't know any spells.
Your spell library was empty.

Dungeon Overview and Level Annotations

Branches:
Dungeon (3/15)

Altars:
Cheibriados
Uskayaw

Annotations:
D:3 Grinder


Innate Abilities, Weirdness & Mutations

You are too large for most types of armour.
You have claws for hands.
Your natural rate of healing is unusually fast.
You are covered in fur. (AC +1)
You have tough skin. (AC +1)


Message History

Grinder shouts!
Throw: 127 stones
Press: ? - help, Q - select action, (/) - cycle Shift-Dir - straight line, f - Grinder
Aim: Grinder (55% to hit)
You throw a stone. The stone closely misses Grinder.
Unknown command.
Throw: 126 stones
Press: ? - help, Q - select action, (/) - cycle Shift-Dir - straight line, f/p - Grinder
Aim: Grinder (55% to hit)
You throw a stone.
The stone hits Grinder but does no damage.
Grinder gestures at you.
You suddenly lose the ability to move!
Grinder hits you!
You writhe in agony.
Grinder gestures at you.
You shrug off the repeated paralysis!
Grinder hits you.
You writhe in agony.
Grinder hits you but does no damage.
You can move again.
You sock Grinder!
Grinder is lightly wounded.
Grinder closely misses you.
You thump Grinder!
Grinder is heavily wounded.
Grinder hits you.
You writhe in agony.
You hit Grinder.
Grinder is severely wounded.
Grinder says, "You look like you could use a good racking."
Grinder gestures at you.
You suddenly lose the ability to move!
Grinder hits you! Grinder hits you.
You writhe in agony.
Grinder hits you.
* * * LOW HITPOINT WARNING * * *
You writhe in agony.
* * * LOW HITPOINT WARNING * * *
Grinder blinks!
Grinder gestures at you. Pain shoots through your body!
You die...

.....####....#.# ###'###
#....[.#....#.# #.....#
#......#....#.# #.....#
#......#....#.#
#####.....##
#...(..#....#.#
#..........#
#.....!#....#.#
#..........#
...#....'(...'.#
#..........#
######....#####..........#
+....5...@....'..........#
###############..........#
##..................
#.#.................
##.#........8.......
##.#...............
##.#.....8........
##.#.............
##.#....8.......


You could see Grinder.

Vanquished Creatures
  A gnoll (D:1)
  4 adders
  2 worms (D:2)
  An orc (D:3)
  3 bats
  7 endoplasms
  2 giant cockroaches (D:1)
  5 goblins
  4 hobgoblins
  7 jackals
  2 ball pythons (D:1)
  5 frilled lizards
  4 kobolds
  A quokka skeleton (D:2)
  4 rats
52 creatures vanquished.

Notes
Turn   | Place    | Note
-------+----------+-------------------------------------------
     0 | D:1      | issech the Troll Monk began the quest for the Orb.
     0 | D:1      | Reached XP level 1. HP: 22/22 MP: 0/0
   130 | D:1      | Reached skill level 3 in Maces & Flails
   131 | D:1      | Reached XP level 2. HP: 29/29 MP: 1/1
   371 | D:1      | Reached XP level 3. HP: 36/36 MP: 2/2
  1011 | D:2      | Reached XP level 4. HP: 44/44 MP: 3/3
  1667 | D:3      | Found a hide-covered altar of Uskayaw.
  1711 | D:3      | Found a snail-covered altar of Cheibriados.
  1724 | D:3      | Reached skill level 4 in Maces & Flails
  1765 | D:3      | Identified the +2 ring mail of the Lumpy Nightcaps {rF++
                  | Dex-5}
  2163 | D:3      | Noticed Grinder
  2166 | D:3      | Paralysed by Grinder for 3 turns
  2196 | D:3      | Paralysed by Grinder for 7 turns
  2205 | D:3      | Paralysed by Grinder for 7 turns
  2210 | D:3      | Killed from afar by Grinder

Illustrated notes

Levels and vault maps discovered:
D:1:      dpeg_arrival_tiny_b, layout_loops_ring
D:2:      layout_basic
D:3:      wad_pebble_path, layout_basic, lemuel_coloured_pillars_altar,
          demons_altar, eat_drink_and_be_merry_uskayaw,
          mainiacjoe_overflow_small_starburst, uniq_terence, uniq_grinder

Skill      XL: |  1  2  3  4 |
---------------+-------------+-----
Maces & Flails | 3 4 |  4.1
Fighting       | |  2.8
Dodging        | |  2.8
Stealth        | |  1.2

Action                   |  1- 3 |  4- 6 || total
-------------------------+-------+-------++-------
Melee: Mace              |   110 |    54 ||   164
       Punch             |     1 |       ||     1
Throw: Stone             |       |     2 ||     2
 Stab: Sleeping          |     3 |     5 ||     8
Armor: Robe              |    41 |    14 ||    55
Dodge: Dodged            |    63 |    27 ||    90
